 Dungeon Crawl Stone Soup version 0.23.2-1-ga50397a (webtiles) character file.

Game seed: 13232938764367117272

20132 Bluemoon111 the Geomancer (level 12, -10/70 HPs)
             Began as a Gargoyle Earth Elementalist on May 29, 2019.
             Was an Elder of Vehumet.
             Killed from afar by an ice dragon (15 damage)
             ... with a blast of cold
             ... in an ice cave.
             The game lasted 01:07:41 (17322 turns).

Bluemoon111 the Geomancer (GrEE)                   Turns: 17322, Time: 01:07:41

Health: -10/70     AC: 22    Str: 17    XL:     12   Next: 76%
Magic:  34/34      EV: 13    Int: 24    God:    Vehumet [****..]
Gold:   850        SH:  0    Dex: 10    Spells: 13/28 levels left

rFire    . . .     SeeInvis .   i - +4 trident (freeze)
rCold    + . .     Gourm    .   (no shield)
rNeg     + . .     Faith    .   c - +2 leather armour {rC+}
rPois    ∞         Spirit   .   h - +3 hat of Pondering {ponderous, MR+ MP+10 Int+5}
rElec    +         Reflect  .   K - +0 cloak {+Inv}
rCorr    .         Harm     .   w - +1 pair of gloves
MR       +....                  T - +0 pair of boots
Stlth    ++........             (no amulet)
HPRegen  0.21/turn              l - ring of wizardry
MPRegen  0.24/turn              t - +3 ring of strength

@: very slightly contaminated, invisible, slow
A: negative energy resistance 1, electricity resistance, unbreathing,
petrification resistance, rot immunity, AC +8
a: Renounce Religion


You were in an ice cave.
You worshipped Vehumet.
Vehumet was greatly pleased with you.
You were not hungry.

You visited 3 branches of the dungeon, and saw 14 of its levels.
You also visited: Ice Cave.

You collected 850 gold pieces.

Inventory:

Hand Weapons
 i - a +4 trident of freezing (weapon)
 k - a +0 whip
 F - a +2 halberd of venom
Missiles
 b - 110 stones (quivered)
Armour
 c - a +2 leather armour of cold resistance (worn)
 h - the +3 hat of Pondering (worn) {ponderous, MR+ MP+10 Int+5}
   (You took it off Gastronok on level 1 of the Lair of Beasts)

   It affects your intelligence (+5).
   It affects your resistance to hostile enchantments.
   It affects your magic capacity (+10).
 w - a +1 pair of gloves (worn)
 y - a +1 robe of fire resistance
 H - a +0 shield
 K - a +0 cloak of invisibility (worn)
 N - a +0 helmet
 T - a +0 pair of boots (worn)
Jewellery
 l - a ring of wizardry (left hand)
 t - a +3 ring of strength (right hand)
 O - an uncursed ring of wizardry
Wands
 v - a wand of paralysis (9)
 A - a wand of random effects (10)
 C - a wand of scattershot (2)
 E - a wand of acid (16)
 J - a wand of iceblast (5)
Scrolls
 a - 2 scrolls of blinking {unknown}
 e - 2 scrolls of amnesia
 f - a scroll of acquirement {unknown}
 g - 4 scrolls of immolation
 m - 4 scrolls of teleportation {unknown}
 o - 5 scrolls of magic mapping
 p - 4 scrolls of identify
 q - 3 scrolls of enchant armour {unknown}
 s - 2 scrolls of fear
 u - 6 scrolls of remove curse
 z - 3 scrolls of noise {unknown}
 B - 3 scrolls of enchant weapon
Potions
 j - 2 potions of cancellation
 n - 3 potions of curing
 r - 4 potions of might {unknown}
 x - 2 potions of mutation
 D - a potion of degeneration {unknown}
 P - a potion of flight {unknown}
 Q - a potion of berserk rage {unknown}
Miscellaneous
 I - a fan of gales
 L - a lamp of fire (inert)
 M - a crystal ball of energy
Comestibles
 d - 14 rations


   Skills:
 + Level 6.2 Fighting
 + Level 5.7 Maces & Flails
 - Level 6.0 Armour
 + Level 5.1 Dodging
 - Level 2.1 Stealth
 + Level 8.5 Spellcasting
 + Level 9.5 Conjurations
   Level 0.7 Transmutations
 + Level 5.6 Fire Magic
 + Level 11.2 Earth Magic
 + Level 5.1 Evocations


You had 13 spell levels left.
You knew the following spells:

 Your Spells              Type           Power        Failure   Level  Hunger
a - Sandblast             Erth           ######       1%          1    None
b - Stone Arrow           Conj/Erth      ######       1%          3    None
c - Lee's Rapid Deconstr  Erth           ######....   1%          5    ####...
d - Bolt of Magma         Conj/Fire/Erth ######....   1%          5    ####...
f - Flame Tongue          Conj/Fire      #####        1%          1    None

Your spell library contained the following spells:

 Spells                   Type           Power        Failure   Level  Hunger
 Passwall                 Tmut/Erth      #####...     1%          2    None
 Petrify                  Tmut/Erth      #####...     2%          4    ##.....
 Animate Skeleton         Necr           N/A          3%          1    None
 Pain                     Necr           ##..         3%          1    None
 Regeneration             Chrm/Necr      ##........   9%          3    None
 Vampiric Draining        Necr           ##........   9%          3    None
 Animate Dead             Necr           N/A          28%         4    ##.....


Dungeon Overview and Level Annotations

Branches:
Dungeon (10/15)            Temple (1/1) D:7            Lair (3/6) D:8
  Swamp (0/4) Lair:2
  Snake: Lair:2-4    Spider: Lair:2-4       Orc: D:9-12

Altars:
Ashenzari
Cheibriados
Dithmenos
Elyvilon
Fedhas
Gozag
Hepliaklqana
Kikubaaqudgha
Makhleb
Nemelex Xobeh
Okawaru
Qazlal
Ru
Sif Muna
Trog
Uskayaw
Vehumet
Wu Jian
Xom
Yredelemnul
Zin
The Shining One


Innate Abilities, Weirdness & Mutations

You are resistant to torment.
Your stone body is resilient. (AC +8)
You are immune to poison.
You resist negative energy. (rN+)
You are resistant to electric shocks. (rElec)
You can survive without breathing.
You are immune to petrification.
You are immune to rotting.


Message History

The ice dragon breathes frost at you. The blast of cold hits you! You resist.
* * * LOW HITPOINT WARNING * * *
You fade into invisibility!
The ice dragon barely misses you.
The ice dragon claws you but does no damage.
The ice dragon tramples you but does no damage.
The ice dragon is engulfed in blazing flames.
The ice dragon breathes frost at you. The blast of cold hits you!! You resist.
* * * LOW HITPOINT WARNING * * *
You are very lightly contaminated with residual magic.
The ice dragon is engulfed in blazing flames.
The ice dragon breathes frost at you. The blast of cold misses you.
There is an ice choked empty arch of ancient stone here.
There is an ice covered gate leading back out of this place here.
The ice dragon breathes frost at you. The blast of cold hits you! You resist.
You die...

## .## ..## ####
...# #### ##..##
..####..#####....##
...##....##.......#
......#.....DD∩.@.#
.....###..........#
...### ##..##....##
..## ######..##
...# #### ..## .##
.# ##


You could see 2 ice dragons.

Vanquished Creatures
  Gastronok (Lair:1)
  2 hydras
  Sonja (Lair:1)
  3 skeletal warriors
  An oklob plant (Lair:1)
  A manticore (D:7)
  The ghost of Valaritas the Brooding, a novice DsNe of Hepliaklqana (D:7)
  Joseph (D:7)
  The ghost of kalagan the Digger, a novice DEEE of Sif Muna (D:6)
  Maurice (D:8)
  2 ice statues (IceCv)
  3 spiny frogs
  4 rime drakes
  6 komodo dragons
  Prince Ribbit (D:7)
  3 hippogriffs
  2 wyverns (D:8)
  3 yaks
  A basilisk (Lair:2)
  4 swamp worms (Lair:2)
  A water moccasin (Lair:1)
  4 porcupines
  Duvessa (D:4)
  An orc warrior (D:8)
  2 black bears (D:7)
  A necrophage (D:9)
  2 phantoms
  17 ice beasts
  2 sky beasts
  4 ogres
  6 wolves (Lair:1)
  2 centaurs
  4 crocodiles
  A spectral wyvern (D:6)
  A big kobold (D:8)
  7 bullfrogs
  A wyvern skeleton (D:7)
  Dowan (D:4)
  3 scorpions
  6 wights
  3 electric eels
  4 howler monkeys
  3 crimson imps
  2 jellies
  7 hounds
  An orc wizard (D:6)
  A quasit (D:7)
  2 bullfrog skeletons
  2 gnoll shamans
  2 orc priests
  A centaur skeleton (D:8)
  4 iguanas
  6 worker ants
  2 hound zombies
  A hound skeleton (D:8)
  A howler monkey skeleton (D:5)
  A howler monkey zombie (D:7)
  8 gnolls
  15 adders
  A shadow imp (D:6)
  2 oozes
  3 adder skeletons
  5 worms
  2 dart slugs
  6 leopard geckos
  14 orcs
  7 giant cockroaches
  5 goblins
  8 hobgoblins
  8 jackals
  11 kobolds
  6 quokkas
  A ball python skeleton (D:3)
  10 bats
  12 frilled lizards
  A giant cockroach zombie (D:3)
  2 jackal skeletons
  A leopard gecko zombie (D:3)
  2 quokka zombies
  2 rats (D:1)
  A plant (Lair:1)
285 creatures vanquished.

Vanquished Creatures (others)
  5 fungi
5 creatures vanquished.

Grand Total: 290 creatures vanquished

Notes
Turn   | Place    | Note
-------+----------+-------------------------------------------
     0 | D:1      | Bluemoon111 the Gargoyle Earth Elementalist began the quest
                  | for the Orb.
     0 | D:1      | Reached XP level 1. HP: 10/10 MP: 3/3
    63 | D:1      | Reached XP level 2. HP: 5/15 MP: 3/5
   339 | D:1      | Reached skill level 4 in Earth Magic
   740 | D:1      | Reached XP level 3. HP: 17/19 MP: 4/6
   881 | D:2      | Learned a level 3 spell: Stone Arrow
  1480 | D:2      | Reached skill level 1 in Conjurations
  1481 | D:2      | Reached XP level 4. HP: 24/24 MP: 8/8
  1937 | D:2      | Found a deep blue altar of Sif Muna.
  2115 | D:3      | Reached skill level 5 in Earth Magic
  2261 | D:3      | Reached XP level 5. HP: 16/28 MP: 6/10
  2950 | D:4      | Found a radiant altar of Vehumet.
  2957 | D:4      | Became a worshipper of Vehumet
  3039 | D:4      | Reached XP level 6. HP: 25/32 MP: 11/11
  3343 | D:4      | Noticed Duvessa
  3365 | D:4      | Killed Duvessa
  3365 | D:4      | Reached skill level 6 in Earth Magic
  3372 | D:4      | Noticed Dowan
  3385 | D:4      | Killed Dowan
  3434 | D:4      | Found an ancient bone altar of Kikubaaqudgha.
  3435 | D:4      | Found a blossoming altar of Fedhas.
  3442 | D:4      | Reached XP level 7. HP: 36/36 MP: 7/13
  4048 | D:5      | Entered Level 5 of the Dungeon
  4124 | D:5      | Found a sparkling altar of Nemelex Xobeh.
  4628 | D:5      | Found an ornate altar of the Wu Jian Council.
  4726 | D:5      | Found a stormy altar of Qazlal.
  4769 | D:5      | Reached * piety under Vehumet
  4769 | D:5      | Offered knowledge of Freeze by Vehumet.
  4769 | D:5      | Reached skill level 7 in Earth Magic
  4785 | D:5      | Found a hazy altar of Hepliaklqana.
  4928 | D:5      | Reached skill level 5 in Spellcasting
  4928 | D:5      | Reached XP level 8. HP: 41/41 MP: 7/15
  5085 | D:6      | Reached skill level 5 in Conjurations
  5169 | D:6      | Found a transporter.
  5203 | D:6      | Found a sacrificial altar of Ru.
  5402 | D:6      | Found an iron altar of Okawaru.
  5798 | D:6      | Found a transporter.
  5798 | D:6      | Noticed kalagan's ghost (novice DEEE)
  5870 | D:6      | Reached skill level 8 in Earth Magic
  6292 | D:7      | Noticed Prince Ribbit
  6299 | D:7      | Killed Prince Ribbit
  6430 | D:7      | Found a radiant altar of Vehumet.
  6430 | D:7      | Found a shadowy altar of Dithmenos.
  6432 | D:7      | Found a sacrificial altar of Ru.
  6432 | D:7      | Found a glowing golden altar of the Shining One.
  6443 | D:7      | Reached XP level 9. HP: 45/45 MP: 13/18
  6648 | D:7      | Found a staircase to the Ecumenical Temple.
  6651 | D:7      | Reached skill level 9 in Earth Magic
  6656 | Temple   | Entered the Ecumenical Temple
  6871 | D:7      | Offered knowledge of Flame Tongue by Vehumet.
  6874 | D:7      | Learned a level 1 spell: Flame Tongue
  6882 | D:7      | Found a snail-covered altar of Cheibriados.
  6919 | D:7      | Reached ** piety under Vehumet
  7217 | D:7      | Noticed Joseph
  7438 | D:7      | Reached skill level 1 in Armour
  7464 | D:7      | Noticed a manticore
  7549 | D:7      | Killed a manticore
  7549 | D:7      | Reached skill level 1 in Fighting
  7549 | D:7      | Reached skill level 1 in Maces & Flails
  7549 | D:7      | Reached skill level 1 in Fire Magic
  7549 | D:7      | Reached skill level 1 in Evocations
  7655 | D:7      | Learned a level 5 spell: Lee's Rapid Deconstruction
  7742 | D:7      | HP: 2/48 [Joseph/sling bullet (2)]
  8358 | D:8      | Noticed a green death
  8359 | D:8      | Found a burning altar of Makhleb.
  8384 | D:8      | Found a glowing silver altar of Zin.
  8384 | D:8      | Noticed an angel
  8746 | D:8      | Reached XP level 10. HP: 22/54 MP: 8/20
  9162 | D:8      | Found a staircase to the Lair.
  9761 | D:9      | Offered knowledge of Throw Frost by Vehumet.
 10295 | D:9      | Noticed Maurice
 10482 | D:9      | Noticed a skeletal warrior
 10486 | D:9      | Noticed a skeletal warrior
 10492 | D:8      | Killed Maurice
 10668 | D:9      | Noticed a skeletal warrior
 11078 | D:8      | Killed a skeletal warrior
 11199 | D:9      | Killed a skeletal warrior
 11199 | D:9      | Reached skill level 10 in Earth Magic
 11372 | D:9      | Killed a skeletal warrior
 11372 | D:9      | Reached XP level 11. HP: 60/60 MP: 6/22
 11537 | D:10     | Entered Level 10 of the Dungeon
 11625 | D:7      | Reached *** piety under Vehumet
 11832 | D:6      | Killed kalagan's ghost
 11939 | D:7      | Killed Joseph
 12098 | D:7      | Found a runed translucent door.
 12098 | D:7      | Noticed Valaritas's ghost (novice DsNe)
 12127 | D:7      | Killed Valaritas's ghost
 12357 | D:7      | Found a glowing golden altar of the Shining One.
 12727 | Lair:1   | Entered Level 1 of the Lair of Beasts
 12773 | Lair:1   | Noticed Sonja
 13084 | Lair:1   | Killed Sonja
 13188 | Lair:1   | Offered knowledge of Ignite Poison by Vehumet.
 13342 | Lair:1   | Noticed Gastronok
 13669 | Lair:1   | Killed Gastronok
 13669 | Lair:1   | Reached skill level 5 in Armour
 13792 | Lair:1   | Reached skill level 5 in Fighting
 14189 | Lair:1   | Got a smoking ring mail
 14200 | Lair:1   | Identified the +4 ring mail of Weumok {rElec Regen+ Dex-4}
                  | (You found it on level 1 of the Lair of Beasts)
 14249 | Lair:1   | Noticed an oklob plant
 14254 | Lair:1   | Killed an oklob plant
 14393 | Lair:1   | Reached XP level 12. HP: 68/68 MP: 4/24
 15233 | Lair:2   | Noticed a five-headed hydra
 15233 | Lair:2   | Noticed a four-headed hydra
 15386 | Lair:2   | Killed a five-headed hydra
 15386 | Lair:2   | Reached skill level 5 in Maces & Flails
 15386 | Lair:2   | Reached skill level 5 in Fire Magic
 15411 | Lair:1   | Killed a four-headed hydra
 16176 | Lair:2   | Found a staircase to the Swamp.
 16288 | Lair:3   | Reached **** piety under Vehumet
 16288 | Lair:3   | Reached skill level 11 in Earth Magic
 16587 | Lair:3   | Found a frozen archway.
 16650 | Lair:3   | Offered knowledge of Bolt of Magma by Vehumet.
 16657 | Lair:3   | Learned a level 5 spell: Bolt of Magma
 16659 | IceCv    | Entered an ice cave
 16673 | IceCv    | Reached skill level 5 in Dodging
 16673 | IceCv    | Reached skill level 5 in Evocations
 17251 | IceCv    | Noticed an ice dragon
 17251 | IceCv    | Noticed an ice dragon
 17313 | IceCv    | HP: 3/70 [ice dragon/blast of cold (18)]
 17322 | IceCv    | Killed from afar by an ice dragon

Skill      XL: |  1  2  3  4  5  6  7  8  9 10 11 12 |
---------------+-------------------------------------+-----
Earth Magic    | 4 5 6 7 8 9 10 11 | 11.2
Conjurations   | 1 2 3 4 6 7 8 9 |  9.5
Spellcasting   | 3 4 5 6 7 8 |  8.5
Armour         | 2 3 5 6 |  6.0
Fighting       | 2 3 5 6 |  6.2
Maces & Flails | 2 3 4 5 |  5.7
Dodging        | 2 3 4 5 |  5.1
Fire Magic     | 2 3 4 5 |  5.6
Evocations     | 1 3 4 5 |  5.1
Stealth        | |  2.1
Transmutations | |  0.7

Action                   |  1- 3 |  4- 6 |  7- 9 | 10-12 || total
-------------------------+-------+-------+-------+-------++-------
Melee: Dagger            |    15 |       |       |       ||    15
       Unarmed           |     1 |       |       |       ||     1
       Whip              |    60 |   178 |   186 |       ||   424
       Trident           |       |       |   138 |   217 ||   355
 Cast: Sandblast         |    26 |    40 |    92 |    95 ||   253
       Stone Arrow       |       |     3 |    39 |   165 ||   207
       Lee's Rapid Decon |       |       |     2 |    34 ||    36
Evoke: Fan of gales      |       |       |       |     1 ||     1
       Wand              |       |       |       |     3 ||     3
       Lamp of fire      |       |       |       |     1 ||     1
  Use: Scroll            |       |       |       |    14 ||    14
       Potion            |       |       |       |    10 ||    10
 Stab: Sleeping          |     1 |     1 |     4 |     1 ||     7
       Paralysed         |       |       |     4 |       ||     4
  Eat: Chunk             |     2 |     7 |    12 |    21 ||    42
       Ration            |       |       |     2 |     5 ||     7
Armor: Robe              |    33 |    77 |   171 |   118 ||   399
       Leather armour    |       |       |       |   115 ||   115
Dodge: Dodged            |    49 |   147 |   267 |   293 ||   756
